 Dungeon Crawl Stone Soup version 0.21.1-1-g345015f (webtiles) character file.

448 Akransas the Ruffian (level 7, -9/93 HPs)
             Began as a Naga Transmuter on May 16, 2018.
             Mangled by Duvessa
             ... wielding a +1 short sword of speed
              (13 damage)
             ... on level 4 of the Dungeon.
             The game lasted 00:31:32 (4696 turns).

Akransas the Ruffian (Naga Transmuter)              Turns: 4696, Time: 00:31:32

Health: -9/93      AC:  4    Str: 18    XL:     7   Next: 4%
Magic:  3/12       EV:  9    Int: 15    God:
Gold:   204        SH:  3    Dex: 11    Spells: 10/13 levels left

rFire    . . .     SeeInvis +     - Unarmed
rCold    . . .     Gourm    .   m - +0 buckler
rNeg     . . .     Faith    .   b - +0 robe
rPois    +         Spirit   .   (no helmet)
rElec    .         Reflect  .   (no cloak)
rCorr    .         Harm     .   s - +0 pair of gloves
MR       .....                  (no barding)
Stlth    ..........             r - amulet of regeneration
HPRegen  0.65/turn              (no ring)
MPRegen  0.13/turn              (no ring)

@: berserking, lethally poisoned (-9 -> -9), quick
A: large, see invisible, deformed body, poison resistance, slowness 2, slow
metabolism 1, spit poison 1, AC +2
a: Spit Poison


You were on level 4 of the Dungeon.
You were very hungry.

You visited 1 branch of the dungeon, and saw 4 of its levels.

You collected 204 gold pieces.

Inventory:

Missiles
 a - 32 arrows (quivered)
Armour
 b - a +0 robe (worn)
 m - a +0 buckler (worn)
 s - a +0 pair of gloves (worn)
Jewellery
 r - an amulet of regeneration (around neck)
Scrolls
 j - 5 scrolls of amnesia
 k - 2 scrolls of remove curse
 l - a scroll of noise {unknown}
 n - a scroll of teleportation {unknown}
 o - 3 scrolls of magic mapping {unknown}
Potions
 e - 2 potions of berserk rage
 f - a potion of cancellation
 h - 3 potions of curing {unknown}
 i - a potion of mutation {unknown}
 q - 2 potions of flight {unknown}
Books
 c - a book of Changes

   Spells                             Type                      Level
   a - Beastly Appendage              Transmutation                1
   b - Sticks to Snakes               Transmutation                2
   c - Spider Form                    Transmutation/Poison         3
   d - Ice Form                       Ice/Transmutation            4
   e - Blade Hands                    Transmutation                5
Comestibles
 d - 8 rations
 g - 4 chunks of flesh


   Skills:
 + Level 3.3 Fighting
 - Level 1.5 Dodging
 + Level 1.4 Shields
 + Level 4.4 Unarmed Combat
 + Level 3.5 Spellcasting
 + Level 3.8 Transmutations


You had 10 spell levels left.
You knew the following spells:

 Your Spells              Type           Power        Failure   Level  Hunger
a - Beastly Appendage     Tmut           ##....       4%          1    None
b - Sticks to Snakes      Tmut           ##......     7%          2    ##.....


Dungeon Overview and Level Annotations

Branches:
Dungeon (4/15)
 Temple: D:4-7

Altars:
Ashenzari
Okawaru

Annotations:
D:4 Duvessa


Innate Abilities, Weirdness & Mutations

You cannot wear boots.
Your serpentine skin is tough. (AC +2)
You have supernaturally acute eyesight. (SInv)
Armour fits poorly on your strangely shaped body.
Your system is resistant to poisons. (rPois)
You cover ground very slowly.
You have a slow metabolism.
You can spit poison.


Message History

Your ball python grabs Duvessa.
Your ball python constricts Duvessa.
Duvessa hits your ball python with a short sword of speed!
Your ball python dies!
A ball python and an adder come into view.
Okay, then.
It was a potion of cancellation.
You feel magically purged.
Your magical contamination has completely faded away.
Duvessa hits you with a short sword of speed!
* * * LOW HITPOINT WARNING * * *
Okay, then.
A red film seems to cover your vision as you go berserk!
You feel yourself moving faster!
You feel mighty!
You feel sick. Duvessa barely misses you. Duvessa hits you but does no damage.
You hit Duvessa.
Duvessa is lightly wounded.
You block Duvessa's attack.
Your adder barely misses Duvessa.
You punch Duvessa!
Duvessa is lightly wounded.
Duvessa hits you with a short sword of speed!
You die...

######....# #...+
#[......†..#..######...#
#..........)#...........#
#....≈≈≈....#.......<...#
#...≈≈)≈≈o..#..##..##.###
#...≈≈.≈S.S.#..##..##.# .
#...≈(≈≈≈)†.#..##.....# .
#....≈≈≈.S.##..##.....'..
#.......@e.....###'####..
#..............##.....###
#.####.#.......'.........
#.# #.........#.........
#.#######..##########.###
#...)......######..######
#......................'.
#......#...............#.
#......#...............##


You could see Duvessa (berserk), an adder, an orc, a ball python and a friendly
adder.

Vanquished Creatures
  An ogre (D:4)
  Dowan (D:4)
  A scorpion (D:4)
  2 hounds
  2 worker ants (D:4)
  An iguana (D:4)
  2 gnolls (D:4)
  5 adders
  A river rat (D:4)
  A worm (D:4)
  A dart slug (D:1)
  2 leopard geckos
  7 orcs (D:3)
  2 ball pythons
  4 giant cockroaches
  9 goblins
  7 hobgoblins
  3 jackals (D:2)
  7 bats
  6 frilled lizards
  5 kobolds
  7 rats
77 creatures vanquished.

Vanquished Creatures (collateral kills)
  An orc wizard (D:4)
  A hound skeleton (D:4)
  4 adders
  3 orcs
  A jackal (D:2)
  A rat (D:4)
11 creatures vanquished.

Grand Total: 88 creatures vanquished

Notes
Turn   | Place    | Note
-------+----------+-------------------------------------------
     0 | D:1      | Akransas the Naga Transmuter began the quest for the Orb.
     0 | D:1      | Reached XP level 1. HP: 18/18 MP: 3/3
   285 | D:1      | Reached XP level 2. HP: 25/25 MP: 1/5
  1087 | D:1      | Learned a level 2 spell: Sticks to Snakes
  1277 | D:2      | Reached XP level 3. HP: 9/31 MP: 6/6
  2025 | D:2      | Reached XP level 4. HP: 38/39 MP: 4/7
  2697 | D:3      | Reached XP level 5. HP: 37/46 MP: 6/9
  3862 | D:4      | Noticed a phantom
  3892 | D:4      | Noticed a phantom
  3993 | D:4      | Noticed an ogre
  4016 | D:4      | Found an iron altar of Okawaru.
  4016 | D:4      | Killed an ogre
  4016 | D:4      | Reached skill level 4 in Unarmed Combat
  4088 | D:4      | Found a shattered altar of Ashenzari.
  4096 | D:4      | Reached XP level 6. HP: 28/55 MP: 7/10
  4392 | D:4      | Noticed Dowan
  4431 | D:4      | Reached skill level 1 in Shields
  4683 | D:4      | Killed Dowan
  4683 | D:4      | Reached XP level 7. HP: 41/62 MP: 7/12
  4687 | D:4      | Noticed Duvessa
  4693 | D:4      | HP: 3/62 [Duvessa/short sword of speed (16)]
  4696 | D:4      | Mangled by Duvessa

Skill      XL: |  1  2  3  4  5  6 |
---------------+-------------------+-----
Fighting       | 2 3 |  3.3
Transmutations | 3 |  3.8
Spellcasting   | 3 |  3.5
Unarmed Combat | 4 |  4.4
Shields        | 1 |  1.4
Dodging        | |  1.5

Action                   |  1- 3 |  4- 6 |  7- 9 || total
-------------------------+-------+-------+-------++-------
Melee: Unarmed           |   134 |   200 |     3 ||   337
       Headbutt          |     5 |     6 |       ||    11
       Punch             |     2 |     1 |       ||     3
 Cast: Beastly Appendage |    16 |    17 |       ||    33
       Sticks to Snakes  |     3 |    22 |     2 ||    27
 Abil: Spit Poison       |    15 |    17 |       ||    32
  Use: Scroll            |       |     4 |       ||     4
       Potion            |       |       |     2 ||     2
 Stab: Distracted        |       |     4 |       ||     4
  Eat: Chunk             |     4 |     8 |       ||    12
Armor: Robe              |    45 |    47 |     1 ||    93
Dodge: Dodged            |   106 |    92 |     1 ||   199
Block: Buckler           |       |    18 |     1 ||    19
